Map: King's Cove LE

Players

HeRoMaRinE - Winner!

  • Race: Terran Terran
  • Spawn Location: 11:00

Zanster

  • Race: Zerg Zerg
  • Spawn Location: 5:00

Event: 2019 WCS Summer

VOD

Have the link to the VOD?

Description

Time

  • Played on: July 12, 2019, 2:02 p.m.
  • Length: 14:05

All games in this series

Show
View Real Time Build Order
Export as new Build Order

HeRoMaRinE Terran - Winner!

Build Orders: Reaper Expand, Mech 

Get SALT Encoding   

  12  0:00  SCV  
  13  0:12  SCV  
  14  0:17  Supply Depot  
  14  0:24  SCV  
  15  0:39  SCV  
  15  0:40  Barracks  
  16  0:44  Refinery  
  16  0:51  SCV  
  17  1:03  SCV  
  18  1:15  SCV  
  19  1:28  Orbital Command, Reaper  
  20  1:42  Command Center  
  20  1:50  Supply Depot  
  20  1:53  SCV  
  21  1:59  Marine  
  22  2:05  SCV  
  23  2:12  Factory  
  23  2:17  SCV  
  23  2:18  Refinery  
  23  2:21  Barracks Reactor  
  24  2:29  SCV  
  25  2:34  Engineering Bay  
  25  2:41  SCV  
  26  2:53  SCV  
  26  2:57  Orbital Command  
  27  2:59  Starport  
  27  3:04  Hellion  
  29  3:08  Hellion  
  29  3:10  SCV  
  32  3:17  Marine  
  33  3:22  SCV  
  33  3:26  SCV  
  37  3:27  Hellion  
  37  3:29  Hellion  
  39  3:38  SCV, Supply Depot  
  39  3:39  SCV  
  41  3:43  Fusion Core  
  41  3:51  SCV x2  
  41  3:53  Hellion  
  45  4:00  Hellion  
  47  4:03  SCV x2, Supply Depot  
  47  4:07  Starport Tech Lab  
  47  4:09  Supply Depot  
  49  4:15  SCV x2  
  51  4:27  SCV x2  
  51  4:31  Battlecruiser  
  59  4:39  SCV x2  
  59  4:41  Command Center  
  61  4:47  Refinery x2  
  61  4:50  Weapon Refit  
  61  4:52  SCV x2  
  63  4:54  Marine  
  63  4:55  Marine  
  63  4:57  Factory Tech Lab  
  65  5:03  Supply Depot  
  65  5:04  SCV x2  
  67  5:12  Marine x2  
  69  5:16  SCV  
  70  5:22  Supply Depot  
  70  5:25  Siege Tank, SCV  
  74  5:28  SCV  
  73  5:37  SCV  
  73  5:40  Battlecruiser, SCV  
  73  5:42  Marine x2  
  77  5:49  SCV  
  75  5:53  Orbital Command, SCV  
  74  6:00  Factory x2  
  74  6:01  SCV  
  75  6:06  SCV  
  75  6:11  Hellion x2  
  80  6:13  SCV  
  80  6:17  Armory x2  
  80  6:18  SCV  
  82  6:22  Orbital Command  
  82  6:25  Engineering Bay, SCV  
  83  6:26  Supply Depot  
  83  6:30  SCV  
  83  6:32  Hellion  
  86  6:37  SCV  
  86  6:38  Hellion  
  89  6:42  SCV  
  89  6:44  Refinery  
  89  6:45  Factory Tech Lab x2, Refinery  
  90  6:47  Supply Depot  
  90  6:48  Supply Depot  
  90  6:49  SCV  
  90  6:54  Battlecruiser  
  97  6:55  SCV  
  97  6:58  Missile Turret, SCV  
  99  7:02  SCV  
  99  7:07  SCV  
  101  7:10  SCV  
  101  7:12  Missile Turret  
  101  7:14  Terran Vehicle And Ship Armor Level 1, Terran Vehicle Weapons Level 1, SCV  
  103  7:18  Supply Depot  
  103  7:19  SCV, Supply Depot  
  103  7:21  Siege Tank  
  108  7:22  SCV  
  108  7:24  Siege Tank  
  111  7:31  Hellion x2  
  115  7:42  SCV  
  116  7:46  Command Center  
  116  7:49  Factory  
  116  7:50  Factory  
  116  7:53  Siege Tank  
  116  7:54  Hellion x2  
  116  7:57  Siege Tank  
  126  8:00  Supply Depot  
  126  8:01  Supply Depot  
  126  8:06  Infernal Pre-Igniter  
  126  8:15  Hellion x5  
  126  8:16  Hellion  
  133  8:27  Siege Tank  
  133  8:29  Siege Tank  
  133  8:30  Supply Depot  
  133  8:31  Supply Depot  
  136  8:37  Factory Reactor  
  136  8:38  Hellion  
  136  8:39  Hellion  
  140  8:42  Command Center  
  140  8:50  Siege Tank  
  143  8:57  SCV x2  
  143  8:58  SCV, Supply Depot  
  143  8:59  Siege Tank  
  143  9:00  Hellion x2  
  143  9:01  Refinery  
  143  9:02  Siege Tank  
  156  9:04  Refinery  
  156  9:09  Terran Vehicle Weapons Level 2  
  156  9:17  Terran Vehicle And Ship Armor Level 2  
  156  9:19  Hellion x2  
  156  9:20  Orbital Command  
  156  9:21  SCV  
  156  9:23  SCV x2  
  163  9:30  Siege Tank  
  162  9:32  Hellion x2  
  162  9:33  Siege Tank, SCV  
  162  9:34  Hellion  
  162  9:35  SCV  
  148  9:41  Hellion  
  138  9:51  Hellion  
  137  9:53  Hellion, Factory  
  137  9:54  Hellion  
  137  9:55  Siege Tank  
  144  10:02  Siege Tank  
  144  10:05  Siege Tank  
  144  10:06  Hellion  
  152  10:13  Hellion  
  148  10:21  Factory x2  
  148  10:28  Siege Tank  
  131  10:30  Hellion x2  
  131  10:31  Hellion  
  131  10:34  Siege Tank  
  132  10:37  Siege Tank  
  132  10:38  Hellion  
  128  10:44  Factory Tech Lab  
  128  10:46  Battlecruiser  
  128  10:47  SCV x3  
  128  10:48  SCV  
  138  10:51  Hellion  
  138  10:53  Mag-Field Accelerator  
  138  10:54  Planetary Fortress  
  140  10:59  SCV x3  
  140  11:00  Siege Tank, SCV  
  140  11:02  Hellion x2  
  140  11:03  Missile Turret, Hellion  
  153  11:05  Factory Reactor  
  153  11:07  Factory Tech Lab, Missile Turret  
  153  11:08  Missile Turret  
  153  11:14  Refinery  
  153  11:15  Refinery  
  162  11:34  Sensor Tower, Hellion x2, Missile Turret  
  162  11:35  Hellion x2  
  162  11:38  Cyclone x5  
  176  11:49  Command Center  
  176  12:10  Cyclone x4  
  176  12:14  Command Center  
  188  12:17  Command Center  
  188  12:33  Cyclone  
  191  12:42  Cyclone x2  
  197  12:46  Cyclone  
  200  12:51  Starport  
  200  12:53  Starport  
  191  13:22  Cyclone x4  
  191  13:23  Cyclone, Hellion x5  
  191  13:26  Hellion  
  172  13:36  Orbital Command  
Show
View Real Time Build Order
Export as new Build Order

Zanster Zerg 

Build Orders: Hatch First 

Get SALT Encoding   

  12  0:00  Drone  
  13  0:13  Overlord  
  13  0:18  Drone  
  14  0:32  Drone x2  
  16  0:50  Hatchery  
  16  0:53  Drone  
  16  0:56  Drone  
  17  0:59  Drone  
  18  1:11  Extractor  
  17  1:15  Spawning Pool  
  16  1:18  Drone  
  16  1:22  Drone  
  18  1:29  Drone  
  19  1:40  Drone  
  20  1:52  Drone  
  21  2:02  Queen x2  
  21  2:03  Zergling x4  
  27  2:12  Overlord  
  27  2:13  Drone  
  28  2:26  Metabolic Boost  
  28  2:32  Drone x2  
  28  2:33  Drone  
  31  2:38  Drone, Queen  
  34  2:47  Overlord  
  34  2:48  Drone  
  35  2:55  Drone  
  36  2:59  Overlord  
  36  3:13  Drone x4  
  40  3:22  Drone x2  
  40  3:24  Drone  
  40  3:26  Queen  
  43  3:28  Drone  
  43  3:30  Hatchery  
  43  3:31  Drone  
  46  3:39  Drone  
  47  3:45  Queen, Overlord  
  49  3:54  Drone  
  49  3:55  Drone x2, Overlord  
  52  4:04  Queen  
  52  4:08  Zergling x2, Extractor  
  52  4:09  Zergling x2  
  55  4:10  Drone  
  55  4:11  Drone  
  55  4:12  Overlord  
  55  4:14  Drone  
  58  4:23  Lair  
  58  4:24  Drone  
  58  4:25  Drone  
  58  4:26  Overlord  
  58  4:27  Drone x2  
  62  4:32  Baneling Nest  
  62  4:35  Drone x3  
  62  4:36  Drone  
  62  4:37  Drone  
  66  4:44  Queen  
  66  4:45  Overlord, Spore Crawler  
  67  4:47  Drone x2  
  67  4:49  Spore Crawler  
  68  4:53  Queen  
  70  5:04  Spore Crawler  
  70  5:05  Drone x4, Spore Crawler  
  72  5:07  Drone  
  72  5:09  Drone  
  72  5:10  Spore Crawler  
  73  5:15  Zergling x2  
  73  5:16  Zergling x8  
  73  5:19  Overlord  
  78  5:27  Drone x3  
  78  5:28  Drone x2  
  83  5:30  Overseer  
  74  5:37  Drone x5  
  74  5:43  Drone x5  
  74  5:49  Drone, Evolution Chamber  
  79  5:50  Evolution Chamber  
  79  5:52  Drone  
  78  5:57  Drone x4  
  78  5:58  Drone  
  78  6:03  Infestation Pit, Extractor  
  80  6:04  Extractor  
  80  6:05  Overlord  
  80  6:07  Drone  
  80  6:10  Drone  
  81  6:16  Zerg Missile Weapons Level 1, Zerg Ground Armor Level 1  
  81  6:17  Drone x3  
  84  6:24  Overlord  
  84  6:32  Overlord  
  84  6:37  Drone x3  
  84  6:38  Drone  
  84  6:39  Hatchery, Roach Warren  
  86  6:40  Extractor  
  86  6:43  Overlord  
  86  6:45  Infestor x2  
  89  6:50  Drone x4  
  92  6:58  Infestor  
  94  7:04  Overlord  
  93  7:11  Drone  
  93  7:12  Drone x2, Extractor  
  93  7:13  Overlord  
  93  7:14  Drone  
  96  7:19  Queen  
  98  7:23  Neural Parasite  
  98  7:24  Glial Reconstitution  
  98  7:25  Roach  
  98  7:26  Roach x5, Overlord  
  110  7:30  Overlord  
  100  7:45  Drone x10  
  100  7:47  Queen x2  
  100  7:50  Drone  
  113  7:51  Drone  
  113  7:53  Drone  
  113  7:54  Drone, Queen  
  113  7:57  Drone x4  
  122  8:00  Drone x2  
  124  8:10  Infestor x2  
  124  8:12  Ravager x3, Roach  
  131  8:13  Roach x4  
  134  8:26  Overlord  
  133  8:29  Drone  
  133  8:30  Drone x3  
  133  8:31  Extractor, Overlord, Spore Crawler  
  133  8:32  Drone x7, Extractor, Overlord, Spore Crawler  
  140  8:37  Zerg Missile Weapons Level 2  
  140  8:39  Zergling x2, Roach  
  143  8:47  Zerg Melee Weapons Level 1  
  142  8:49  Centrifical Hooks  
  142  8:51  Baneling x5  
  142  8:53  Zergling x10, Roach  
  142  8:55  Overlord  
  149  9:01  Zergling x2, Roach  
  149  9:02  Zergling x10  
  157  9:05  Zergling x2, Roach x2  
  162  9:16  Zergling x2  
  162  9:17  Zergling x12  
  165  9:20  Ravager  
  165  9:21  Ravager x2  
  165  9:22  Zergling x2  
  167  9:25  Zergling x2  
  134  9:39  Roach x10  
  134  9:42  Roach  
  140  9:49  Roach x2  
  140  9:50  Queen x3  
  136  9:57  Roach x5  
  146  10:02  Ravager x4  
  146  10:03  Ravager  
  136  10:08  Roach x6  
  138  10:15  Hatchery  
  138  10:17  Zergling x2, Roach x2  
  140  10:26  Infestor x3  
  123  10:35  Roach x2  
  123  10:36  Roach x5  
  123  10:42  Queen x2  
  133  10:49  Infestor x2  
  139  11:00  Hatchery  
  139  11:01  Zergling x14  
  145  11:15  Ravager x3  
  148  11:18  Hive  
  148  11:22  Baneling x6  
  148  11:23  Hatchery  
  147  11:29  Drone x9  
  147  11:32  Zergling x2, Roach  
  159  11:34  Ravager  
  159  11:35  Ravager  
  159  11:36  Baneling  
  159  11:37  Baneling x2  
  161  11:42  Zergling x2, Roach  
  161  11:43  Zergling x4  
  166  12:00  Overlord  
  166  12:02  Spire  
  166  12:08  Overlord x2  
  165  12:09  Overlord x2  
  165  12:15  Overlord x2  
  165  12:16  Overlord  
  165  12:27  Infestor x2  
  161  12:35  Pathogen Glands  
  161  12:36  Drone  
  161  12:37  Drone x9  
  169  12:39  Zergling x2, Roach  
  169  12:40  Zergling x4, Roach x4  
  184  12:47  Drone  
  185  12:55  Zergling x10, Roach  
  192  12:59  Extractor  
  192  13:01  Hatchery  
  192  13:02  Extractor  
  168  13:22  Zergling x2  
  168  13:23  Zergling x18  
Tags
 
Add a new tag
Caveats
  • Supply blocks, unpowered buildings, or Contaminate may cause inaccurate times.
  • Supply counts are checked every 10 seconds.